 Dungeon Crawl Stone Soup version 0.28.0-53-g5a82cb258f (webtiles) character file.

Game seed: 7090129102411955089

3384 buhh the Fighter (level 10, 0/87 HPs)
             Began as an Octopode Transmuter on June 20, 2022.
             Was a Believer of Cheibriados.
             Killed from afar by a steam dragon (18 damage)
             ... with a ball of steam
             ... on level 8 of the Dungeon.
             The game lasted 00:23:09 (13965 turns).

buhh the Fighter (Octopode Transmuter)             Turns: 13965, Time: 00:23:10

Health: 0/87       AC:  9    Str: 20    XL:     10   Next: 4%
Magic:  10/13      EV: 14    Int: 23    God:    Cheibriados [**....]
Gold:   402        SH:  0    Dex: 17    Spells: 3/13 levels left

rFire   x . .      SeeInvis .     - Unarmed
rCold   + + +      Faith    .   (shield currently unavailable)
rNeg    . . .      Spirit   .   (helmet currently unavailable)
rPois   +          Reflect  .   o - amulet of the acrobat
rElec   .          Harm     .   p - +4 ring of evasion
rCorr   .          Rampage  .   q - +6 ring of strength
Will    .....                   (no ring)
Stlth   ++........              (no ring)
HPRegen 0.24/turn               (no ring)
MPRegen 0.13/turn               (no ring)
                                (no ring)
                                (no ring)

@: ice-form, flying, very slow
A: freezing attack, boosted hp, almost no armour, amphibious, 8 rings, large,
(camouflage 1), (gelatinous body 1), (nimble swimmer 1), (tentacles)
a: End Transformation, Renounce Religion, Bend Time


You were on level 8 of the Dungeon.
You worshipped Cheibriados.
Cheibriados was pleased with you.
You were a creature of crystalline ice.
You visited 2 branches of the dungeon, and saw 9 of its levels.

You collected 402 gold pieces.

Inventory:

Missiles
 h - 11 poisoned darts
 G - 6 javelins
Jewellery
 o - an amulet of the acrobat (around neck)
 p - a +4 ring of evasion (left front paw)
 q - a +6 ring of strength (right front paw)
Wands
 m - a wand of polymorph (4)
 v - a wand of digging (2)
Scrolls
 d - 2 scrolls of fear {unknown}
 f - a scroll of blinking {unknown}
 g - 4 scrolls of identify {!d}
 n - a scroll of torment {unknown}
 r - a scroll of magic mapping {unknown}
 t - 5 scrolls of teleportation {!d}
 u - a scroll of enchant weapon {unknown}
 Z - 4 scrolls of enchant armour
Potions
 a - 2 potions of curing {unknown}
 b - a potion of invisibility {unknown}
 c - a potion of degeneration {unknown}
 e - a potion of might {unknown}
 i - a potion of brilliance {unknown}
 j - a potion of cancellation {unknown}
 k - a potion of flight
 l - a potion of resistance {unknown}
 M - a potion of heal wounds {!q!d}


   Skills:
 * Level 8.9 Fighting
 - Level 2.0 Dodging
 - Level 1.0 Stealth
 * Level 3.4 Unarmed Combat
 - Level 2.0 Spellcasting
 - Level 7.0 Transmutations
 - Level 8.0 Ice Magic
 + Level 0.9 Invocations


You had 3 spell levels left.
You knew the following spells:

 Your Spells              Type           Power      Damage    Failure   Level
a - Beastly Appendage     Tmut           68%        N/A       1%          1
b - Wereblood             Tmut           34%        N/A       1%          2
c - Spider Form           Tmut/Pois      18%        N/A       9%          3
d - Ice Form              Ice/Tmut       36%        N/A       6%          4

Your spell library contained the following spells:

 Spells                   Type           Power      Damage    Failure   Level
 Passwall                 Tmut/Erth      15%        N/A       4%          2
 Sandblast                Erth           4%         2d4       13%         1
 Stone Arrow              Conj/Erth      4%         3d7       36%         3
 Olgreb's Toxic Radiance  Pois           2%         N/A       77%         4
 Ozocubu's Refrigeration  Ice            19%        4d8       99%         7
 Ignition                 Fire           1%         3d3       100%        8


Dungeon Overview and Level Annotations

Branches:
Dungeon (8/15)             Temple (1/1) D:5
   Lair: D:8-11

Altars:
Ashenzari
Cheibriados
Dithmenos
Elyvilon
Fedhas
Gozag
Hepliaklqana
Kikubaaqudgha
Nemelex Xobeh
Okawaru
Qazlal
Ru
Sif Muna
Trog
Uskayaw
Wu Jian
Xom
Zin
The Shining One

Shops:
D:1 [

Annotations:
D:3 exclusion: door
D:6 exclusion: 3 wights
D:7 exclusion: lemure, Pikel


Innate Abilities, Weirdness & Mutations

You are a creature of crystalline ice.
You have a powerful freezing melee attack.
Your maximum health is increased.
Your armour is entirely melded.
You are incapable of wielding weapons or throwing items.
You cannot wear most types of armour.
You are amphibious.
You can wear up to eight rings at the same time.
((Your skin changes colour to match your surroundings (Stealth+).))
((Your rubbery body absorbs attacks. (AC +1, EV +1)))
((You are camouflaged when in or above water. (Stealth+)))
((You have tentacles for arms and can constrict up to eight enemies at once.))


Message History

The ball of steam hits you!
The steam dragon moves out of view.
Casting: Ice Form (dangerous; 6% risk of failure)
Press: ? - help, Q - select action, (/) - cycle Dir - look around, f - activate You turn into a creature of crystalline ice.
The steam dragon breathes steam at you. The ball of steam hits you!!
The steam scalds you terribly!
You are engulfed in a cloud of scalding steam.
The steam dragon bites you! The steam dragon completely misses you.
You hit the steam dragon but do no damage.
The steam dragon breathes steam at you. The ball of steam hits you!!
The steam scalds you terribly!
* * * LOW HITPOINT WARNING * * *
It was a potion of flight.
You feel very buoyant.
You fly up into the air.
k - a potion of flight;
a - 2 fuming yellow potions You are engulfed in a cloud of scalding steam.
* * * LOW HITPOINT WARNING * * *
The steam dragon barely misses you. The steam dragon misses you.
It was a potion of heal wounds.
You feel much better.
M - a potion of heal wounds You are engulfed in a cloud of scalding steam.
The steam dragon misses you.
The steam dragon claws you but does no damage.
You punch the steam dragon! You freeze the steam dragon.
The steam dragon is heavily wounded.
You are engulfed in a cloud of scalding steam.
* * * LOW HITPOINT WARNING * * *
The steam dragon bites you but does no damage.
The steam dragon completely misses you.
You hit the steam dragon but do no damage.
The steam dragon is heavily wounded.
The steam dragon bites you.
* * * LOW HITPOINT WARNING * * *
The steam dragon claws you but does no damage.
You punch the steam dragon! You freeze the steam dragon.
The steam dragon is almost dead.
The steam dragon breathes steam at you. The ball of steam hits you!!
The steam scalds you terribly!
You die...

..♣ .♣♣ .##
########## .# ..
.D...§>.# ## #.#
#.#.# #.#
######.#####.#.###.#
...##...........##D#
##.##......#.#..##.#
##.#.....#.#.#..##.#
.........#.#...§YD.#
##.#.......###..####
##.#....(.......#
...#.....######.#
###.......# #.#
#.......# #.#
#.......# ...
#.......# #.#
#.......# ..#


You could see a steam dragon (catching breath).

Vanquished Creatures
  2 centaur zombies
  Grinder (D:3)
  A steam dragon (D:7)
  Menkaure (D:7)
  Duvessa (D:6)
  An orc warrior (D:6)
  2 sky beasts
  A hornet zombie (D:7)
  A necrophage (D:6)
  An ogre (D:4)
  A lemure (D:7)
  3 phantoms
  2 bullfrogs
  A gnoll sergeant (D:6)
  6 scorpions
  Dowan (D:6)
  A wyvern skeleton (D:6)
  A water moccasin skeleton (D:7)
  A howler monkey (D:7)
  2 hounds
  2 bullfrog zombies
  A bullfrog skeleton (D:6)
  3 orc priests
  A centaur skeleton (D:7)
  6 iguanas
  Natasha (thrice) (D:3)
  9 orc wizards
  A hound zombie (D:5)
  Robin (D:3)
  5 adders
  5 gnolls
  A shadow imp (D:6)
  An adder skeleton (D:4)
  3 worms
  5 dart slugs
  29 orcs
  9 endoplasms
  2 giant cockroaches
  18 goblins
  10 hobgoblins
  3 jackals (D:4)
  3 quokkas
  9 ball pythons
  7 bats
  2 frilled lizards
  A kobold (D:3)
  7 rats
178 creatures vanquished.

Notes
Turn   | Place    | Note
-------+----------+-------------------------------------------
     0 | D:1      | buhh the Octopode Transmuter began the quest for the Orb.
     0 | D:1      | Reached XP level 1. HP: 13/13 MP: 3/3
   130 | D:1      | Reached XP level 2. HP: 14/19 MP: 5/5
   479 | D:1      | Found a faded altar of an unknown god.
   485 | D:1      | Reached XP level 3. HP: 22/25 MP: 6/6
   794 | D:1      | Found Hubosego's Armour Boutique.
  2439 | D:3      | Noticed Natasha
  2441 | D:3      | Reached XP level 4. HP: 32/32 MP: 7/7
  2446 | D:3      | Killed Natasha
  2451 | D:3      | Noticed Natasha
  2634 | D:3      | Noticed Grinder
  2689 | D:3      | Paralysed by Grinder for 2 turns
  2693 | D:3      | Paralysed by Grinder for 4 turns
  2699 | D:3      | Killed Grinder
  2700 | D:3      | Reached XP level 5. HP: 39/39 MP: 8/8
  2700 | D:3      | Reached XP level 6. HP: 45/45 MP: 9/9
  2860 | D:3      | Identified the +1 spear of Gallantry {drain, Fragile rPois
                  | rF++}
  3131 | D:3      | Found a bloodstained altar of Trog.
  3131 | D:3      | Identified the +2 helmet of the Ladybird {-Tele Will++
                  | rCorr Stlth+}
  3131 | D:3      | Noticed Robin
  3333 | D:3      | Learned a level 2 spell: Wereblood
  3345 | D:3      | Killed Robin
  3644 | D:3      | Killed Natasha
  4064 | D:3      | Noticed Natasha
  4071 | D:3      | Killed Natasha
  4236 | D:3      | Learned a level 3 spell: Spider Form
  4410 | D:4      | Reached XP level 7. HP: 50/50 MP: 10/10
  7185 | D:4      | Reached XP level 8. HP: 44/55 MP: 6/11
  7308 | D:5      | Entered Level 5 of the Dungeon
  7873 | D:5      | Found a shimmering blue altar of Sif Muna.
  8284 | D:5      | Learned a level 4 spell: Ice Form
  8325 | D:5      | Found an iron altar of Okawaru.
  8325 | D:5      | Found a staircase to the Ecumenical Temple.
  8345 | Temple   | Entered the Ecumenical Temple
  8369 | Temple   | Became a worshipper of Cheibriados the Contemplative
  9585 | D:6      | Found a sparkling altar of Nemelex Xobeh.
  9689 | D:6      | Reached XP level 9. HP: 38/63 MP: 9/12
 10249 | D:6      | Found a hazy altar of Hepliaklqana.
 10294 | D:6      | Noticed Duvessa
 10294 | D:6      | Noticed Dowan
 10384 | D:6      | Reached * piety under Cheibriados
 11192 | D:6      | Killed Duvessa
 11200 | D:6      | Killed Dowan
 12325 | D:7      | Reached ** piety under Cheibriados
 12544 | D:7      | Found an ornate altar of the Wu Jian Council.
 12559 | D:7      | Noticed Pikel
 12589 | D:7      | Noticed Menkaure
 12844 | D:7      | Killed Menkaure
 12907 | D:6      | Reached XP level 10. HP: 44/73 MP: 13/13
 13900 | D:8      | Found a broken altar of Ashenzari.
 13965 | D:8      | Killed from afar by a steam dragon

Illustrated notes

Levels and vault maps discovered:
D:1:      minmay_arrival_diagonal_passages, layout_loops_ring, serial_shops,
          nicolae_shop_temple_entry_statues_fountains,
          hellmonk_ecumenical_altar_arch_garden, wad_floor_pattern_1,
          minmay_pentomino_o2
D:2:      layout_basic
D:3:      layout_loops_ring, lightli_temple_of_fire, minmay_tree_intersection,
          nicolae_elevator_lobby_plus, uniq_robin, uniq_natasha, uniq_grinder
D:4:      layout_basic, chequers_serial_rivers_large_b, st_stairs_7,
          minmay_ruptured
D:5:      layout_cave_pools, mainiacjoe_overflow_boulevard, okawaru_trees_1,
          minmay_temple_entry_butterflies
D:6:      layout_loops_cross, amcnicky_altar_gilded, kennysheep_mini,
          uniq_duvessa
D:7:      layout_cave_pools, nicolae_wu_jian_wuxing_cycle, uniq_menkaure,
          uniq_pikel
D:8:      layout_loops_cross, mainiacjoe_overflow_alcove_1,
          mainiacjoe_overflow_24_doors
Temple:   pdpol_scorched_temple

Skill      XL: |  1  2  3  4  5  6  7  8  9 |
---------------+----------------------------+-----
Stealth        | 1 |  1.0
Fighting       | 2 3 5 6 8 |  8.9
Transmutations | 3 5 6 7 |  7.0
Ice Magic      | 2 6 8 |  8.0
Dodging        | |  2.0
Unarmed Combat | |  3.4
Spellcasting   | |  2.0
Invocations    | |  0.9

Action                   |  1- 3 |  4- 6 |  7- 9 | 10-12 || total
-------------------------+-------+-------+-------+-------++-------
Melee: Unarmed           |    84 |    81 |   334 |    20 ||   519
       Constrict         |    28 |    17 |    32 |       ||    77
       Tentacles         |    14 |    19 |    23 |       ||    56
       Kick              |    17 |    18 |    50 |       ||    85
       Punch             |     2 |     2 |     4 |       ||     8
 Cast: Beastly Appendage |    25 |    16 |    26 |       ||    67
       Spider Form       |       |       |    16 |       ||    16
       Ice Form          |       |       |    33 |     6 ||    39
  Use: Scroll            |       |     2 |     2 |       ||     4
       Potion            |       |     2 |       |     2 ||     4
 Stab: Sleeping          |    12 |     3 |     2 |       ||    17
Armor: Skin              |     9 |    19 |    67 |     7 ||   102
Dodge: Dodged            |    42 |    21 |   206 |    18 ||   287
